 Dungeon Crawl Stone Soup version 0.30-a0-1043-g60ff8d5f49 (webtiles) character file.

Game seed: 1047124418533662335

14 bande the Covered (level 2, -4/19 HPs)
             Began as a Gargoyle Fighter on Apr 10, 2023.
             Slain by a gnoll
             ... wielding a +0 flail
              (6 damage)
             ... on level 1 of the Dungeon.
             The game lasted 00:01:13 (412 turns).

bande the Covered (Gargoyle Fighter)                 Turns: 412, Time: 00:01:13

Health: -4/19      AC:  9    Str: 19    XL:     2   Next: 45%
Magic:  2/2        EV:  9    Int:  8    God:
Gold:   76         SH:  4    Dex:  9    Spells: 1/1 levels left

rFire   . . .      SeeInvis .    a - +0 war axe
rCold   . . .      Faith    .    c - +0 buckler
rNeg    + . .      Spirit   .    b - +0 scale mail
rPois   ∞          Reflect  .    (no helmet)
rElec   +          Rampage  .    (no cloak)
rCorr   .                        (no gloves)
Will    .....                    (no boots) Stlth
                                 (no amulet)
HPRegen 0.23/turn                (no ring)
MPRegen 0.08/turn                (no ring)

@: no status effects
A: sickness immunity, AC +2, negative energy resistance 1, electricity
resistance, torment resistance 1, petrification resistance
a: no special abilities


You were on level 1 of the Dungeon.
You visited 1 branch of the dungeon, and saw 1 of its levels.

You collected 76 gold pieces.

Inventory:

Hand Weapons
 a - a +0 war axe (weapon)
Armour
 b - a +0 scale mail (worn)
 c - a +0 buckler (worn)
Scrolls
 f - 3 scrolls of identify {unknown}
 g - a scroll of fog {unknown}
 i - a scroll of teleportation {unknown}
Potions
 d - 2 potions of might
 e - a potion of curing {unknown}
 h - a potion of invisibility {unknown}


   Skills:
 + Level 3.5 Fighting
 + Level 1.9 Axes
 + Level 3.5 Armour
 + Level 3.5 Shields


You had one spell level left.
You didn't know any spells.
Your spell library was empty.

Dungeon Overview and Level Annotations

Branches:
Dungeon (1/15)

Altars:


Innate Abilities, Weirdness & Mutations

You are immune to sickness and miasma.
Your stone body is resilient. (AC +2)
You are immune to poison.
You resist negative energy. (rN+)
You are resistant to electric shocks. (rElec)
You are resistant to unholy torment.
You are immune to petrification.


Message History

You kill the kobold!
No target in view!
No target in view!
No target in view!
No target in view!
No target in view!
Things that are here:
a +0 dagger; 5 stones; a kobold corpse
i - a scroll labelled ZUBBAWNIENK
Found a stone staircase leading down.
An endoplasm comes into view.
Found a scroll labelled ZUBBAWNIENK.
The endoplasm quivers.
A gnoll comes into view. It is wielding a +0 flail.
You slash the endoplasm!
You kill the endoplasm!
The gnoll barely misses you.
You closely miss the gnoll. The gnoll hits you with a +0 flail.
You barely miss the gnoll. The gnoll closely misses you. The gnoll misses you.
You barely miss the gnoll. The gnoll hits you but does no damage.
You closely miss the gnoll. The gnoll barely misses you. x2
You barely miss the gnoll. The gnoll hits you with a +0 flail!
Ouch! That really hurt!
You are too injured to fight recklessly!
You are too injured to fight recklessly!
You are too injured to fight recklessly!
You are too injured to fight recklessly!
You are too injured to fight recklessly!
You are too injured to fight recklessly!
You are too injured to fight recklessly!
Unknown command.
You hit the gnoll.
The gnoll is heavily wounded.
The gnoll hits you with a +0 flail.
You closely miss the gnoll.
The gnoll is heavily wounded.
The gnoll hits you with a +0 flail.
* * * LOW HITPOINT WARNING * * *
The gnoll hits you with a +0 flail.
You die...

######## ##......##
##........# #..........
##### #.......... #...#
#.......... #...#
#..?g......
#...######..@.......
#####..................#
.........#####..........
##..).##.............
#†.##....##..........
##.###.#####..........
###.......# #..>.......
.....####.# ##........#
#.........# ##......#


You could see a gnoll.

Vanquished Creatures
  An endoplasm (D:1)
  A giant cockroach (D:1)
  A goblin (D:1)
  3 kobolds (D:1)
  2 quokkas (D:1)
  2 ball pythons (D:1)
  3 rats (D:1)
13 creatures vanquished.

Notes
Turn   | Place    | Note
-------+----------+-------------------------------------------
     0 | D:1      | bande the Gargoyle Fighter began the quest for the Orb.
     0 | D:1      | Reached XP level 1. HP: 14/14 MP: 1/1
   162 | D:1      | Reached XP level 2. HP: 16/19 MP: 2/2
   412 | D:1      | Slain by a gnoll

Illustrated notes

Levels and vault maps discovered:
D:1:      pf_arrival_petrified_forest, layout_rooms, due_unseen_surprise

Action                     || total
---------------------------++-------
  Melee: War axe           ||    40
 Armour: Scale mail        ||    22
  Dodge: Dodged            ||    26
  Block: Buckler           ||     8

Table legend: (Time is in decaauts)
 A = Elapsed time spent in this place.
 B = Non-inter-level travel time spent in this place.
 C = Inter-level travel time spent in this place.
 D = Time resting spent in this place.
 E = Time spent auto-exploring this place.
 F = Levels seen in this place.
 G = Mean time per level.
                   A        B        C        D        E       F      G
               +--------+--------+--------+--------+--------+-----+--------+
         Total |    428 |    428 |      0 |    113 |    216 |   1 |  428.0 |
       Dungeon |    428 |    428 |      0 |    113 |    216 |   1 |  428.0 |
               +--------+--------+--------+--------+--------+-----+--------+

Top non-repeatable levels by time:
     D:1: 428 daAuts
